Workbook

Sheet Descripción
B1: SKATEPARK MUSKIZ
B2: PRESUPUESTO Y MEDICIONES
B3: Código | C3: Ud | D3: Resumen | K3: Cantidad | L3: Precio (€) | M3: Importe (€)
B4: CAP.1 | D4: MOVIMIENTO DE TIERRAS
B5: 1.1 | C5: PA | D5: REPLANTEO COTAS URBANIZACIÓN | K5: 1 | L5: 450 | M5: =ROUND(K5*L5,2) -> 450
D6: Replanteo por gabinete topográfico, para implantación del skatepark, consistente en el replanteo el perímetro, caminos y las diferentes zonas en las que se divide la zona deportiva, determinando las cotas de actuación para cada una de las zonas. Una vez replanteado, previo al inicio de los trabajos, se dará el visto bueno por parte de la Dirección Facultativa.
B7: 1.2 | C7: m3 | D7: RETIRADA Y ACOPIO TIERRA VEGETAL | K7: 362.5 | L7: 3.57 | M7: =ROUND(K7*L7,2) -> 1294.13
D8: Retirada y acopio de tierra vegetal, en un espesor aproximado de 30 cm, incluso carga a camión o dumper o transporte y acopio en parcela para una futura reutilización.
F9: Uds. | G9: Largo | H9: Ancho | I9: Alto | J9: Parcial | K9: Subtotal
F10: 1450 | I10: 0.25 | J10: =ROUND(F10*I10,3) -> 362.5 | K10: =SUM(J10:J10) -> 362.5
B11: 1.3 | C11: m3 | D11: EXC.CIELO ABIERTO. MECÁNICA, SIN TRANSP A VERT | K11: =SUM(K14:K27) -> 227.71 | L11: 9.24 | M11: =ROUND(K11*L11,2) -> 2104.04
D12: Excavación a cielo abierto, en toda clase de terrenos, por medios mecánicos en explanada general, caminos y vaciado volumen bañeras. Incluso carga a camión o dumper o transporte y acopio en parcela para una futura reutilización.
E13: -15 | F13: Uds. | G13: Largo | H13: Ancho | I13: Alto | J13: Parcial | K13: Subtotal
E14: BOWL | J14: 0
E15: Base H100 | F15: 40.58 | I15: 0.85 | J15: =ROUND(F15*I15,3) -> 34.493
E16: Transi H100 | F16: 1.03 | G16: 28.14 | J16: =ROUND(F16*G16,3) -> 28.984
E17: Base H180 | F17: 10.6 | I17: 1.4 | J17: =ROUND(F17*I17,3) -> 14.84
E18: Transi H180 | F18: 2.08 | G18: 13.41 | J18: =ROUND(F18*G18,3) -> 27.893
E19: perfil 1 | F19: 0.67 | H19: 5 | J19: =ROUND(F19*H19,3) -> 3.35
E20: perfil 2 | J20: 0
E21: perfil 3 | J21: 0
E22: perfil 4 | F22: 0.54 | H22: 5 | J22: =ROUND(F22*H22,3) -> 2.7
E23: perfil 5 | J23: 0
E24: perfil 6 | F24: 7.46 | H24: 5 | J24: =ROUND(F24*H24,3) -> 37.3
E25: perfil 7 | F25: 6.15 | H25: 5 | J25: =ROUND(F25*H25,3) -> 30.75
E26: perfil 8 | F26: 5.5 | H26: 5 | J26: =ROUND(F26*H26,3) -> 27.5
E27: perfil 9 | F27: 3.98 | H27: 5 | J27: =ROUND(F27*H27,3) -> 19.9 | K27: =SUM(J14:J27) -> 227.71
B28: 1.4 | C28: m3 | D28: EXCAVACIÓN DE ZANJA O POZO SIN SOSTENIMIENTO | K28: =SUM(K31:K44) -> 111.552 | L28: 10.68 | M28: =ROUND(K28*L28,2) -> 1191.38
D29: Excavación de zanja o pozo sin sostenimiento en tierras blandas de relleno, por medios mecánicos, a cualquier profundidad, incluso agotamiento, extracción, y acopio a pie de zanja para posterior relleno de la misma.
E30: DRENAJES | F30: Uds. | G30: Largo | H30: Ancho | I30: Alto | J30: Parcial | K30: Subtotal
E31: A0-S8 | G31: 32 | H31: 0.8 | I31: 1.55 | J31: =ROUND(G31*H31*I31,3) -> 39.68
E32: S8-S7 | G32: 9.85 | H32: 0.8 | I32: 1.65 | J32: =ROUND(G32*H32*I32,3) -> 13.002
E33: S7-S3 | G33: 15.2 | H33: 0.6 | I33: 1.36 | J33: =ROUND(G33*H33*I33,3) -> 12.403
E34: S3-S2 | G34: 7.15 | H34: 0.6 | I34: 0.75 | J34: =ROUND(G34*H34*I34,3) -> 3.218
E35: S2-S1 | G35: 7.31 | H35: 0.6 | I35: 0.65 | J35: =ROUND(G35*H35*I35,3) -> 2.851
E36: IS6 | G36: 9.75 | H36: 0.6 | I36: 0.8 | J36: =ROUND(G36*H36*I36,3) -> 4.68
E37: IS5 | G37: 8.75 | H37: 0.6 | I37: 1 | J37: =ROUND(G37*H37*I37,3) -> 5.25
E38: IS4 | G38: 10.3 | H38: 0.6 | I38: 1 | J38: =ROUND(G38*H38*I38,3) -> 6.18
E39: IA2 | G39: 6.4 | H39: 0.6 | I39: 1.2 | J39: =ROUND(G39*H39*I39,3) -> 4.608 | K39: =SUM(J31:J39) -> 91.872
E40: ALUMBRADO | F40: Uds. | G40: Largo | H40: Ancho | I40: Alto | J40: Parcial | K40: Subtotal
E41: A0-A1 | G41: 5 | J41: =ROUND(G41,3) -> 5
E42: A1-A2 | G42: 51 | J42: =ROUND(G42,3) -> 51
E43: A2-A3 | G43: 26 | J43: =ROUND(G43,3) -> 26
E44: zanja 60x40cm | H44: 0.4 | I44: 0.6 | J44: =SUM(J41:J43) -> 82 | K44: =ROUND(H44*I44*J44,3) -> 19.68
B45: 1.5 | C45: m3 | D45: TERRAPLENADO EXPLANACIÓN GENERAL CON MATERIAL DE LA EXCAVACION | K45: =SUM(K48:K56) -> 133.55 | L45: 13.79 | M45: =ROUND(K45*L45,2) -> 1841.65
D46: Formación de terraplenado a cielo abierto en explanación general, mediante el extendido en tongadas de espesor no superior a 30 cm de material de la propia excavación y posterior compactación mediante equipo mecánico hasta alcanzar una densidad seca no inferior al 95 % de la máxima obtenida en el ensayo Proctor Modificado, realizado según UNE 103501 (ensayo no incluido en este precio), y ello cuantas veces sea necesario, hasta conseguir la cota de subrasante. Incluso aporte de material adecuado, carga, transporte y descarga a pie de tajo del material y humectación del mismo. Incluye: Replanteo general y fijación de los puntos y niveles de referencia. Trazado de los bordes de la base del terraplén. Preparación de la superficie de apoyo. Carga, transporte y extendido por tongadas de espesor uniforme. Humectación o desecación de cada tongada. Compactación por tongadas. Escarificado, refino, reperfilado y formación de pendientes. Carga a camión. Criterio de medición de proyecto: Volumen medido sobre los perfiles de los planos topográficos de Proyecto, que definen el movimiento de tierras a realizar en obra. Criterio de medición de obra: Se medirá el volumen de relleno sobre los perfiles transversales del terreno realmente ejecutados, compactados y terminados según especificaciones de Proyecto, siempre que los asientos medios debido a su compresibilidad sean inferiores al dos por ciento de la altura media del relleno tipo terraplén. En caso contrario, podrá abonarse el exceso de volumen de relleno, siempre que este asiento del cimiento haya sido comprobado mediante la instrumentación adecuada, cuya instalación y coste correrá a cargo del Contratista. No serán de abono los rellenos que fuesen necesarios para restituir la explanación a las cotas proyectadas debido a un exceso de excavación o cualquier otro caso de ejecución incorrecta imputable al Contratista, ni las creces no previstas en este Proyecto, estando el Contratista obligado a corregir a su costa dichos defectos sin derecho a percepción adicional alguna.
E47: -15 | F47: Uds. | G47: Largo | H47: Ancho | I47: Alto | J47: Parcial | K47: Subtotal
E48: perfil 1 | F48: 3.27 | H48: 5 | J48: =ROUND(F48*H48,3) -> 16.35
E49: perfil 2 | F49: 4.86 | H49: 5 | J49: =ROUND(F49*H49,3) -> 24.3
E50: perfil 3 | F50: 6.21 | H50: 5 | J50: =ROUND(F50*H50,3) -> 31.05
E51: perfil 4 | F51: 3.94 | H51: 5 | J51: =ROUND(F51*H51,3) -> 19.7
E52: perfil 5 | F52: 7.74 | H52: 5 | J52: =ROUND(F52*H52,3) -> 38.7
E53: perfil 6 | F53: 0.06 | H53: 5 | J53: =ROUND(F53*H53,3) -> 0.3
E54: perfil 7 | F54: 0.12 | H54: 5 | J54: =ROUND(F54*H54,3) -> 0.6
E55: perfil 8 | F55: 0.14 | H55: 5 | J55: =ROUND(F55*H55,3) -> 0.7
E56: perfil 9 | F56: 0.37 | H56: 5 | J56: =ROUND(F56*H56,3) -> 1.85 | K56: =SUM(J48:J56) -> 133.55
B57: 1.6 | C57: m3 | D57: RELLENO DE BASE ELEMENTOS ELEVADOS | K57: =SUM(K60:K62) -> 94.445 | L57: 15.24 | M57: =ROUND(K57*L57,2) -> 1439.34
D58: Terraplenado a cielo abierto, con tierra procedente de la propia excavación, en formación de elementos elevados y compactación en tongadas sucesivas de 30 cm de espesor máximo con bandeja vibrante de guiado manual, hasta alcanzar una densidad seca no inferior al 95% de la máxima obtenida en el ensayo Proctor Modificado, realizado según UNE 103501. Incluso perfilado de curvas en los perímetros de la excavación para aproximarlos a la forma final de la superficie.
F59: Uds. | G59: Largo | H59: Ancho | I59: Alto | J59: Parcial | K59: Subtotal
E60: Zona 2 | F60: 4.1 | G60: 10.25 | J60: =ROUND(F60*G60,3) -> 42.025
E61: Bank | F61: 4.64 | G61: 8 | J61: =ROUND(F61*G61,3) -> 37.12
E62: Rainbow | F62: 1.7 | G62: 9 | J62: =ROUND(F62*G62,3) -> 15.3 | K62: =SUM(J60:J62) -> 94.445
B63: 1.7 | C63: m3 | D63: RELLENO DE ZANJAS O POZOS CON MATERIAL SELECCIONADO PROPIA EXCAVACIÓN | K63: =SUM(K66:K79) -> 62.234 | L63: 9.18 | M63: =ROUND(K63*L63,2) -> 571.31
D64: Relleno de zanjas o pozos con material seleccionado procedente de la propia excavación, incluso extendido y compactado con una densidad no inferior al 95% del proctor modificado.
E65: DRENAJES | F65: Uds. | G65: Largo | H65: Ancho | I65: Alto | J65: Parcial | K65: Subtotal
E66: A0-S8 | G66: 32 | H66: 0.8 | I66: 1.05 | J66: =ROUND(G66*H66*I66,3) -> 26.88
E67: S8-S7 | G67: 9.85 | H67: 0.8 | I67: 1.15 | J67: =ROUND(G67*H67*I67,3) -> 9.062
E68: S7-S3 | G68: 15.2 | H68: 0.6 | I68: 0.86 | J68: =ROUND(G68*H68*I68,3) -> 7.843
E69: S3-S2 | G69: 7.15 | H69: 0.6 | I69: 0.25 | J69: =ROUND(G69*H69*I69,3) -> 1.073
E70: S2-S1 | G70: 7.31 | H70: 0.6 | I70: 0.15 | J70: =ROUND(G70*H70*I70,3) -> 0.658
E71: IS6 | G71: 9.75 | H71: 0.6 | I71: 0.3 | J71: =ROUND(G71*H71*I71,3) -> 1.755
E72: IS5 | G72: 8.75 | H72: 0.6 | I72: 0.5 | J72: =ROUND(G72*H72*I72,3) -> 2.625
E73: IS4 | G73: 10.3 | H73: 0.6 | I73: 0.5 | J73: =ROUND(G73*H73*I73,3) -> 3.09
E74: IA2 | G74: 6.4 | H74: 0.6 | I74: 0.7 | J74: =ROUND(G74*H74*I74,3) -> 2.688 | K74: =SUM(J66:J74) -> 55.674
E75: ALUMBRADO | F75: Uds. | G75: Largo | H75: Ancho | I75: Alto | J75: Parcial | K75: Subtotal
E76: A0-A1 | G76: 5 | J76: =ROUND(G76,3) -> 5
E77: A1-A2 | G77: 51 | J77: =ROUND(G77,3) -> 51
E78: A2-A3 | G78: 26 | J78: =ROUND(G78,3) -> 26
E79: zanja 60x40cm | H79: 0.4 | I79: 0.2 | J79: =SUM(J76:J78) -> 82 | K79: =ROUND(H79*I79*J79,3) -> 6.56
B80: 1.8 | C80: m2 | D80: PERFILADO DE CURVAS | K80: 278.156 | L80: 3.89 | M80: 1082.03
D81: Perfilado de curvas en los perímetros de la excavación para aproximarlos a la forma final de la superficie, con medios mecánicos y manuales;
F82: Uds. | G82: Largo | H82: Ancho | I82: Alto | J82: Parcial | K82: Subtotal
E83: BOWL | J83: 0
E84: transición H100 | G84: 26.3 | H84: 3.28 | J84: 86.264
E85: transición H100-130 | G85: 3 | H85: 3.46 | J85: 10.38
G86: 2 | H86: 3.46 | J86: 6.92
E87: transición H180 | G87: 10.14 | H87: 4.58 | J87: 46.441
E88: waterfall | G88: 2 | H88: 2.45 | J88: 4.9
E89: ZONA B | J89: 0
E90: transición H100 | G90: 2.5 | H90: 2.04 | J90: 5.1
E91: transición H150 | G91: 3.5 | H91: 2.74 | J91: 9.59
E92: Planos inclinados H100 L269 | F92: 1.1 | G92: 19.24 | J92: 21.164
E93: RAINBOW | J93: 0
E94: transición H0-H100 | G94: 9.9 | H94: 1 | J94: 9.9
E95: BANK | J95: 0
E96: Planos inclinados H125 L300 | F96: 1.1 | G96: 19.13 | J96: 21.043
E97: PLANOS INCLINADOS | J97: 0
E98: H70, L250 | F98: 1.05 | G98: 38.62 | J98: 40.551
E99: H50, L210 | F99: 1.03 | G99: 10.08 | J99: 10.382
F100: 1.03 | G100: 5.36 | J100: 5.521 | K100: 278.156
...

Sheet Resumen
A1: SKATEPARK MUSKIZ
A2: PRESUPUESTO Y MEDICIONES
A3: Código | B3: Ud | C3: Resumen | J3: Cantidad | K3: Precio (€) | L3: Importe (€)
A4: CAP.1 | C4: MOVIMIENTO DE TIERRAS
A5: 1.1 | B5: PA | C5: REPLANTEO COTAS URBANIZACIÓN | J5: =Descripción!K5 -> 1 | K5: =Descripción!L5 -> 450 | L5: =ROUND(J5*K5,2) -> 450 | N5: =L5*((1+$J$117+$J$118))*(1+$J$120) -> 647.955
A6: 1.2 | B6: m3 | C6: RETIRADA Y ACOPIO TIERRA VEGETAL | J6: =Descripción!K7 -> 362.5 | K6: =Descripción!L7 -> 3.57 | L6: =ROUND(J6*K6,2) -> 1294.13 | N6: =L6*((1+$J$117+$J$118))*(1+$J$120) -> 1863.4178
A7: 1.3 | B7: m3 | C7: EXC.CIELO ABIERTO. MECÁNICA SIN TRANSP A VERT | J7: =Descripción!K11 -> 227.71 | K7: =Descripción!L11 -> 9.24 | L7: =ROUND(J7*K7,2) -> 2104.04 | N7: =L7*((1+$J$117+$J$118))*(1+$J$120) -> 3029.6072
A8: 1.4 | B8: m3 | C8: EXCAVACIÓN DE ZANJA O POZO SIN SOSTENIMIENTO | J8: =Descripción!K28 -> 111.552 | K8: =Descripción!L28 -> 10.68 | L8: =ROUND(J8*K8,2) -> 1191.38 | N8: =L8*((1+$J$117+$J$118))*(1+$J$120) -> 1715.4681
A9: 1.5 | B9: m3 | C9: TERRAPLENADO EXPLANACIÓN GENERAL CON MATERIAL DE LA EXCAVACION | J9: =Descripción!K45 -> 133.55 | K9: =Descripción!L45 -> 13.79 | L9: =ROUND(J9*K9,2) -> 1841.65 | N9: =L9*((1+$J$117+$J$118))*(1+$J$120) -> 2651.7918
A10: 1.6 | B10: m3 | C10: RELLENO DE BASE ELEMENTOS ELEVADOS | J10: =Descripción!K57 -> 94.445 | K10: =Descripción!L57 -> 15.24 | L10: =ROUND(J10*K10,2) -> 1439.34 | N10: =L10*((1+$J$117+$J$118))*(1+$J$120) -> 2072.5057
A11: 1.7 | B11: m3 | C11: RELLENO DE ZANJAS O POZOS CON MATERIAL SELECCIONADO PROPIA EXCAVACIÓN | J11: =Descripción!K63 -> 62.234 | K11: =Descripción!L63 -> 9.18 | L11: =ROUND(J11*K11,2) -> 571.31 | N11: =L11*((1+$J$117+$J$118))*(1+$J$120) -> 822.62927
A12: 1.8 | B12: m2 | C12: PERFILADO DE CURVAS | J12: =Descripción!K80 -> 278.156 | K12: =Descripción!L80 -> 3.89 | L12: =ROUND(J12*K12,2) -> 1082.03 | N12: =L12*((1+$J$117+$J$118))*(1+$J$120) -> 1558.015
A13: 1.9 | B13: m2 | C13: PERFILADO Y REFINO DE TALUDES | J13: =Descripción!K101 -> 184 | K13: =Descripción!L101 -> 1.48 | L13: =ROUND(J13*K13,2) -> 272.32 | N13: =L13*((1+$J$117+$J$118))*(1+$J$120) -> 392.11357
A14: 1.10 | B14: m3 | C14: ENCACHADO DE CM GRAVA | J14: =Descripción!K105 -> 150.056 | K14: =Descripción!L105 -> 31.8 | L14: =ROUND(J14*K14,2) -> 4771.78 | N14: =L14*((1+$J$117+$J$118))*(1+$J$120) -> 6870.886
A15: 1.11 | B15: m3 | C15: TRANSPORTE DE TIERRAS DENTRO DE LA OBRA | J15: =Descripción!K111 -> 150 | K15: =Descripción!L111 -> 3.65 | L15: =ROUND(J15*K15,2) -> 547.5 | N15: =L15*((1+$J$117+$J$118))*(1+$J$120) -> 788.34525
C16: CAP.1 | L16: =L5+L6+L7+L8+L9+L10+L11+L12+L13+L14+L15 -> 15565.48 | N16: =L16*((1+$J$117+$J$118))*(1+$J$120) -> 22412.735
A17: CAP.2 | C17: DRENAJES | N17: =L17*((1+$J$117+$J$118))*(1+$J$120) -> 0
A18: 2.1 | B18: ml | C18: COLECTOR ENTERRADO RED DE PLUVIALES | J18: =Descripción!K118 -> 100.31 | K18: =Descripción!L118 -> 32.68 | L18: =ROUND(J18*K18,2) -> 3278.13 | N18: =L18*((1+$J$117+$J$118))*(1+$J$120) -> 4720.1794
A19: 2.2 | B19: ud | C19: PUNTO SUMIDERO | J19: =Descripción!K129 -> 8 | K19: =Descripción!L129 -> 110.74 | L19: =ROUND(J19*K19,2) -> 885.92 | N19: =L19*((1+$J$117+$J$118))*(1+$J$120) -> 1275.6362
A20: 2.3 | B20: ud | C20: ARQUETA SUMIDERO | J20: =Descripción!K131 -> 2 | K20: =Descripción!L131 -> 189.75 | L20: =ROUND(J20*K20,2) -> 379.5 | N20: =L20*((1+$J$117+$J$118))*(1+$J$120) -> 546.44205
A21: 2.4 | B21: ml | C21: TUBO DRENANTE | J21: =Descripción!K133 -> 40 | K21: =Descripción!L133 -> 16.85 | L21: =ROUND(J21*K21,2) -> 674 | N21: =L21*((1+$J$117+$J$118))*(1+$J$120) -> 970.4926
A22: 2.5 | B22: ud | C22: POZO SANEAMIENTO | J22: =Descripción!K135 -> 1 | K22: =Descripción!L135 -> 728.94 | L22: =ROUND(J22*K22,2) -> 728.94 | N22: =L22*((1+$J$117+$J$118))*(1+$J$120) -> 1049.6007
A23: 2.6 | B23: ud | C23: CONEXIÓN A LA RED GENERAL DE SANEAMIENTO DEL MUNICIPIO | J23: =Descripción!K137 -> 1 | K23: =Descripción!L137 -> 468.77 | L23: =ROUND(J23*K23,2) -> 468.77 | N23: =L23*((1+$J$117+$J$118))*(1+$J$120) -> 674.98192
C24: CAP.2 | L24: =L18+L19+L20+L21+L22+L23 -> 6415.26 | N24: =L24*((1+$J$117+$J$118))*(1+$J$120) -> 9237.3329
A25: CAP.3 | C25: HORMIGONES | N25: =L25*((1+$J$117+$J$118))*(1+$J$120) -> 0
A26: 3.1 | B26: m3 | C26: CAPA DE HORMIGÓN DE LIMPIEZA | J26: =Descripción!K141 -> 1 | K26: =Descripción!L141 -> 98.57 | L26: =ROUND(J26*K26,2) -> 98.57 | N26: =L26*((1+$J$117+$J$118))*(1+$J$120) -> 141.93094
A27: 3.2 | B27: ml | C27: ZUNCHO DE HORMIGÓN ARMADO DE 30X20 CM | J27: =Descripción!K143 -> 33.3 | K27: =Descripción!L143 -> 21.45 | L27: =ROUND(J27*K27,2) -> 714.29 | N27: =L27*((1+$J$117+$J$118))*(1+$J$120) -> 1028.5062
A28: 3.3 | B28: m3 | C28: ZAPATA CORRIDA DE CIMENTACIÓN, DE HORMIGÓN ARMADO | J28: =Descripción!K147 -> 1 | K28: =Descripción!L147 -> 243.93 | L28: =ROUND(J28*K28,2) -> 243.93 | N28: =L28*((1+$J$117+$J$118))*(1+$J$120) -> 351.23481
A29: 3.4 | B29: m3 | C29: H.ARM. HA-25/P/20/I V.M.ENCOF. MURO VISTO UNA CARA | J29: =Descripción!K149 -> 1 | K29: =Descripción!L149 -> 356.54 | L29: =ROUND(J29*K29,2) -> 356.54 | N29: =L29*((1+$J$117+$J$118))*(1+$J$120) -> 513.38195
A30: 3.5 | B30: m2 | C30: SOLERA DE HORMIGÓN ARMADO PULIDA MEDIANTE FRATASADORA MECÁNICA | J30: =Descripción!K151 -> 596.92 | K30: =Descripción!L151 -> 39.61 | L30: =ROUND(J30*K30,2) -> 23644 | N30: =L30*((1+$J$117+$J$118))*(1+$J$120) -> 34044.996
A31: 3.6 | B31: m2 | C31: SOLERA EN TRANSICIONES CURVAS Y PLANOS INCLINADOS PULIDO MANUAL | J31: =Descripción!K161 -> 320.156 | K31: =Descripción!L161 -> 135.68 | L31: =ROUND(J31*K31,2) -> 43438.77 | N31: =L31*((1+$J$117+$J$118))*(1+$J$120) -> 62547.485
A32: 3.7 | B32: kg | C32: COLORANTE SOLERA HORMIGÓN | J32: =Descripción!K192 -> 1105.704 | K32: =Descripción!L192 -> 3.18 | L32: =ROUND(J32*K32,2) -> 3516.14 | N32: =L32*((1+$J$117+$J$118))*(1+$J$120) -> 5062.89
A33: 3.8 | B33: ml | C33: REMATE SUPERIOR TRANSICIONES | J33: =Descripción!K210 -> 33.3 | K33: =Descripción!L210 -> 52.73 | L33: =ROUND(J33*K33,2) -> 1755.91 | N33: =L33*((1+$J$117+$J$118))*(1+$J$120) -> 2528.3348
A34: 3.9 | B34: ml | C34: FORMACIÓN DE CORONA PARA POOL COOPING | J34: =Descripción!K214 -> 16.09 | K34: =Descripción!L214 -> 54.05 | L34: =ROUND(J34*K34,2) -> 869.66 | N34: =L34*((1+$J$117+$J$118))*(1+$J$120) -> 1252.2234
A35: 3.10 | B35: m3 | C35: MACIZADO MÓDULOS DE HORMIGÓN EN MASA | J35: =Descripción!K219 -> 6.956 | K35: =Descripción!L219 -> 114.88 | L35: =ROUND(J35*K35,2) -> 799.11 | N35: =L35*((1+$J$117+$J$118))*(1+$J$120) -> 1150.6385
A36: 3.11 | B36: ml | C36: BORDILLO SLAPPY | J36: =Descripción!K228 -> 9 | K36: =Descripción!L228 -> 89.21 | L36: =ROUND(J36*K36,2) -> 802.89 | N36: =L36*((1+$J$117+$J$118))*(1+$J$120) -> 1156.0813
A37: 3.12 | B37: ml | C37: FORMACIÓN ARISTA TIPO NOPING | J37: =Descripción!K232 -> 5.5 | K37: =Descripción!L232 -> 31.46 | L37: =ROUND(J37*K37,2) -> 173.03 | N37: =L37*((1+$J$117+$J$118))*(1+$J$120) -> 249.1459
A38: 3.13 | B38: ml | C38: REMATE SOLERAS CON OTROS ELEMENTOS | J38: =Descripción!K236 -> 153.5 | K38: =Descripción!L236 -> 3.18 | L38: =ROUND(J38*K38,2) -> 488.13 | N38: =L38*((1+$J$117+$J$118))*(1+$J$120) -> 702.85839
A39: 3.14 | B39: ml | C39: REMATE PERIMETRAL SOLERAS | J39: =Descripción!K252 -> 161.8 | K39: =Descripción!L252 -> 3.06 | L39: =ROUND(J39*K39,2) -> 495.11 | N39: =L39*((1+$J$117+$J$118))*(1+$J$120) -> 712.90889
A40: 3.15 | B40: m2 | C40: SOLERA HORMIGÓN ACABADO CEPILLADO | J40: =Descripción!K260 -> 36.8 | K40: =Descripción!L260 -> 26.32 | L40: =ROUND(J40*K40,2) -> 968.58 | N40: =L40*((1+$J$117+$J$118))*(1+$J$120) -> 1394.6583
C41: CAP.3 | L41: =L26+L27+L28+L29+L30+L31+L32+L33+L34+L35+L36+L37+L38+L39+L40 -> 78364.66 | N41: =L41*((1+$J$117+$J$118))*(1+$J$120) -> 112837.27
A42: CAP.4 | C42: METALISTERÍA | N42: =L42*((1+$J$117+$J$118))*(1+$J$120) -> 0
A43: 4.1 | B43: ml | C43: COOPING TUBO METALICO DIAMETRO 60 MM ESPESOR 3 MM | J43: =Descripción!K267 -> 48.68 | K43: =Descripción!L267 -> 74.27 | L43: =ROUND(J43*K43,2) -> 3615.46 | N43: =L43*((1+$J$117+$J$118))*(1+$J$120) -> 5205.9009
A44: 4.2 | B44: ml | C44: PERFIL ANGULAR 50X50X5 MM DE REMATE DE DE MUROS Y SOLERAS, PLANAS, CURVAS E INCLINADAS | J44: =Descripción!K273 -> 27.4 | K44: =Descripción!L273 -> 39.96 | L44: =ROUND(J44*K44,2) -> 1094.9 | N44: =L44*((1+$J$117+$J$118))*(1+$J$120) -> 1576.5465
A45: 4.3 | B45: kg | C45: CHAPA METÁLICA ACERO NEGRO | J45: =Descripción!K282 -> 1707.611 | K45: =Descripción!L282 -> 4.35 | L45: =ROUND(J45*K45,2) -> 7428.11 | N45: =L45*((1+$J$117+$J$118))*(1+$J$120) -> 10695.736
A46: 4.4 | B46: ml | C46: PLEGADO DE CHAPA DE ACERO | J46: =Descripción!K305 -> 48.1 | K46: =Descripción!L305 -> 16.54 | L46: =ROUND(J46*K46,2) -> 795.57 | N46: =L46*((1+$J$117+$J$118))*(1+$J$120) -> 1145.5412
A47: 4.5 | B47: ud | C47: RAIL 1 | J47: =Descripción!K314 -> 1 | K47: =Descripción!L314 -> 720 | L47: =ROUND(J47*K47,2) -> 720 | N47: =L47*((1+$J$117+$J$118))*(1+$J$120) -> 1036.728
A48: 4.6 | B48: ud | C48: RAIL 2 | J48: =Descripción!K316 -> 1 | K48: =Descripción!L316 -> 675 | L48: =ROUND(J48*K48,2) -> 675 | N48: =L48*((1+$J$117+$J$118))*(1+$J$120) -> 971.9325
A49: 4.7 | B49: ml | C49: PLETINA ACERO 150.5 MM DE REMATE DE DE SOLERAS, PLANAS, CURVAS E INCLINADAS | J49: =Descripción!K318 -> 1 | K49: =Descripción!L318 -> 16.41 | L49: =ROUND(J49*K49,2) -> 16.41 | N49: =L49*((1+$J$117+$J$118))*(1+$J$120) -> 23.628759
A50: 4.8 | B50: kg | C50: PERFIL LAMINADO ACERO | J50: =Descripción!K320 -> 1 | K50: =Descripción!L320 -> 5.09 | L50: =ROUND(J50*K50,2) -> 5.09 | N50: =L50*((1+$J$117+$J$118))*(1+$J$120) -> 7.329091
C51: CAP.4 | L51: =L43+L44+L45+L46+L47+L48+L49+L50 -> 14350.54 | N51: =L51*((1+$J$117+$J$118))*(1+$J$120) -> 20663.343
A52: CAP.5 | C52: ALBAÑILERÍA | N52: =L52*((1+$J$117+$J$118))*(1+$J$120) -> 0
A53: 5.1 | B53: m2 | C53: MURO DE 20 CM DE ESPESOR DE FÁBRICA ARMADA DE BLOQUE DE HORMIGÓN | J53: =Descripción!K324 -> 1 | K53: =Descripción!L324 -> 79.06 | L53: =ROUND(J53*K53,2) -> 79.06 | N53: =L53*((1+$J$117+$J$118))*(1+$J$120) -> 113.83849
A54: 5.2 | B54: m2 | C54: ENFOSCADO Y MAESTREADO DE MORTERO DE CEMENTO | J54: =Descripción!K326 -> 1 | K54: =Descripción!L326 -> 27.69 | L54: =ROUND(J54*K54,2) -> 27.69 | N54: =L54*((1+$J$117+$J$118))*(1+$J$120) -> 39.870831
A55: 5.3 | B55: m2 | C55: BARNIZ ESPECIAL PROTECCIÓN HORMIGÓN | J55: =Descripción!K328 -> 917.07 | K55: 6.36 | L55: =ROUND(J55*K55,2) -> 5832.57 | N55: =L55*((1+$J$117+$J$118))*(1+$J$120) -> 8398.3175
A56: 5.4 | B56: ml | C56: LOSETAS DE PIEDRA | J56: =Descripción!K333 -> 16.09 | K56: =Descripción!L333 -> 82.36 | L56: =ROUND(J56*K56,2) -> 1325.17 | N56: =L56*((1+$J$117+$J$118))*(1+$J$120) -> 1908.1123
C57: CAP.5 | L57: =L53+L54+L55+L56 -> 7264.49 | N57: =L57*((1+$J$117+$J$118))*(1+$J$120) -> 10460.139
A58: CAP.6 | C58: ALUMBRADO | N58: =L58*((1+$J$117+$J$118))*(1+$J$120) -> 0
A59: 6.1 | B59: ml | C59: CANALIZACIÓN BITUBO | J59: =Descripción!K340 -> 114 | K59: =Descripción!L340 -> 14.31 | L59: =ROUND(J59*K59,2) -> 1631.34 | N59: =L59*((1+$J$117+$J$118))*(1+$J$120) -> 2348.9665
A60: 6.2 | B60: ud | C60: ARQUETA 40x40 | J60: =Descripción!K348 -> 5 | K60: =Descripción!L348 -> 190.73 | L60: =ROUND(J60*K60,2) -> 953.65 | N60: =L60*((1+$J$117+$J$118))*(1+$J$120) -> 1373.1606
A61: 6.3 | B61: ud | C61: CIMENTACIÓN BÁCULO 80x80x100 | J61: =Descripción!K350 -> 5 | K61: =Descripción!L350 -> 233.2 | L61: =ROUND(J61*K61,2) -> 1166 | N61: =L61*((1+$J$117+$J$118))*(1+$J$120) -> 1678.9234
A62: 6.4 | B62: ud | C62: CONJUNTO DE ALUMBRADO | J62: =Descripción!K352 -> 5 | K62: =Descripción!L352 -> 1923.24 | L62: =ROUND(J62*K62,2) -> 9616.2 | N62: =L62*((1+$J$117+$J$118))*(1+$J$120) -> 13846.366
A63: 6.5 | B63: ml | C63: LÍNEA ALIMENTACIÓN | J63: =Descripción!K354 -> 439 | K63: =Descripción!L354 -> 13.84 | L63: =ROUND(J63*K63,2) -> 6075.76 | N63: =L63*((1+$J$117+$J$118))*(1+$J$120) -> 8748.4868
A64: 6.6 | B64: ud | C64: ELEMENTOS DE PROTECCIÓN INSTALACIÓN ELÉCTRICA | J64: =Descripción!K363 -> 1 | K64: =Descripción!L363 -> 562.65 | L64: =ROUND(J64*K64,2) -> 562.65 | N64: =L64*((1+$J$117+$J$118))*(1+$J$120) -> 810.15973
A65: 6.7 | B65: ud | C65: ACOMETIDA RED MUNICIPAL ALUMBRADO PÚBLICO | J65: =Descripción!K365 -> 1 | K65: =Descripción!L365 -> 337.56 | L65: =ROUND(J65*K65,2) -> 337.56 | N65: =L65*((1+$J$117+$J$118))*(1+$J$120) -> 486.05264
A66: 6.8 | B66: ud | C66: LEGALIZACIÓN INSTALACIÓN ELÉCTRICA | J66: =Descripción!K367 -> 1 | K66: =Descripción!L367 -> 493.4 | L66: =ROUND(J66*K66,2) -> 493.4 | N66: =L66*((1+$J$117+$J$118))*(1+$J$120) -> 710.44666
A67: 6.9 | B67: ud | C67: PROTECCIÓN ARQUETAS ALUMBRADO PÚBLICO | J67: =Descripción!K369 -> 3 | K67: =Descripción!L369 -> 33.76 | L67: =ROUND(J67*K67,2) -> 101.28 | N67: =L67*((1+$J$117+$J$118))*(1+$J$120) -> 145.83307
C68: CAP.6 | L68: =L59+L60+L61+L62+#REF!+L63+L64+L65+L66+L67 -> #REF! | N68: =L68*((1+$J$117+$J$118))*(1+$J$120) -> #REF!
A69: CAP.7 | C69: JARDINERÍA | N69: =L69*((1+$J$117+$J$118))*(1+$J$120) -> 0
A70: 7.1 | B70: m3 | C70: REPOSICION DE TIERRA VEGETAL | J70: =Descripción!K373 -> 150 | K70: =Descripción!L373 -> 9.56 | L70: =ROUND(J70*K70,2) -> 1434 | N70: =L70*((1+$J$117+$J$118))*(1+$J$120) -> 2064.8166
A71: 7.2 | B71: m2 | C71: LABOREO TIERRA VEGETAL | J71: =Descripción!K375 -> 600 | K71: =Descripción!L375 -> 3.74 | L71: =ROUND(J71*K71,2) -> 2244 | N71: =L71*((1+$J$117+$J$118))*(1+$J$120) -> 3231.1356
A72: 7.3 | B72: m2 | C72: FORMACIÓN CÉSPED | J72: =Descripción!K377 -> 600 | K72: =Descripción!L377 -> 2.36 | L72: =ROUND(J72*K72,2) -> 1416 | N72: =L72*((1+$J$117+$J$118))*(1+$J$120) -> 2038.8984
C73: CAP.7 | L73: =L70+L71+L72 -> 5094 | N73: =L73*((1+$J$117+$J$118))*(1+$J$120) -> 7334.8506
A74: CAP.8 | C74: SEÑALIZACIÓN Y EQUIPAMIENTO | N74: =L74*((1+$J$117+$J$118))*(1+$J$120) -> 0
A75: 8.1 | B75: ud | C75: SEÑAL 100x70 cm | J75: =Descripción!K381 -> 1 | K75: =Descripción!L381 -> 479.72 | L75: =ROUND(J75*K75,2) -> 479.72 | N75: =L75*((1+$J$117+$J$118))*(1+$J$120) -> 690.74883
A76: 8.2 | B76: ud | C76: BANCO | J76: =Descripción!K383 -> 1 | K76: =Descripción!L383 -> 336.23 | L76: =ROUND(J76*K76,2) -> 336.23 | N76: =L76*((1+$J$117+$J$118))*(1+$J$120) -> 484.13758
A77: 8.3 | B77: ud | C77: BANCO DOBLE | J77: =Descripción!K385 -> 5 | K77: =Descripción!L385 -> 617.49 | L77: =ROUND(J77*K77,2) -> 3087.45 | N77: =L77*((1+$J$117+$J$118))*(1+$J$120) -> 4445.6193
A78: 8.4 | B78: ud | C78: PAPELERA | J78: =Descripción!K387 -> 2 | K78: =Descripción!L387 -> 267.98 | L78: =ROUND(J78*K78,2) -> 535.96 | N78: =L78*((1+$J$117+$J$118))*(1+$J$120) -> 771.7288
A79: 8.5 | B79: ud | C79: FUENTE | J79: =Descripción!K389 -> 1 | K79: =Descripción!L389 -> 1826.34 | L79: =ROUND(J79*K79,2) -> 1826.34 | N79: =L79*((1+$J$117+$J$118))*(1+$J$120) -> 2629.747
A80: 8.6 | B80: m2 | C80: PINTADO PASO PEATONES | J80: =Descripción!K391 -> 10 | K80: =Descripción!L391 -> 15 | L80: =ROUND(J80*K80,2) -> 150 | N80: =L80*((1+$J$117+$J$118))*(1+$J$120) -> 215.985
A81: 8.7 | B81: ud | C81: PINTADO SEÑAL CEDA | J81: =Descripción!K395 -> 4 | K81: =Descripción!L395 -> 25 | L81: =ROUND(J81*K81,2) -> 100 | N81: =L81*((1+$J$117+$J$118))*(1+$J$120) -> 143.99
C82: CAP.8 | L82: =L75+L76+L77+L78+L79+L80+L81 -> 6515.7 | N82: =L82*((1+$J$117+$J$118))*(1+$J$120) -> 9381.9564
A83: CAP.9 | C83: FONTANERÍA Y SANEAMIENTO | N83: =L83*((1+$J$117+$J$118))*(1+$J$120) -> 0
A84: 9.1 | B84: PA | C84: RED DE DESAGÜE FUENTE | J84: =Descripción!K402 -> 1 | K84: =Descripción!L402 -> 450 | L84: =ROUND(J84*K84,2) -> 450 | N84: =L84*((1+$J$117+$J$118))*(1+$J$120) -> 647.955
A85: 9.2 | B85: PA | C85: INSTALACIÓN FONTANERÍA FUENTE | J85: =Descripción!K404 -> 1 | K85: =Descripción!L404 -> 320 | L85: =ROUND(J85*K85,2) -> 320 | N85: =L85*((1+$J$117+$J$118))*(1+$J$120) -> 460.768
C86: CAP.9 | L86: =L84+L85 -> 770 | N86: =L86*((1+$J$117+$J$118))*(1+$J$120) -> 1108.723
A87: CAP.10 | C87: GESTIÓN DE RESIDUOS | N87: =L87*((1+$J$117+$J$118))*(1+$J$120) -> 0
A88: 10.1 | B88: m3 | C88: CARGA Y TRANSPORTE DE TIERRAS A VERTEDERO | J88: =Descripción!K408 -> 313.848 | K88: =Descripción!L408 -> 12.89 | L88: =ROUND(J88*K88,2) -> 4045.5 | N88: =L88*((1+$J$117+$J$118))*(1+$J$120) -> 5825.1154
A89: 10.2 | B89: m3 | C89: CANON DE VERTIDO POR TRANSPORTE DE TIERRAS A GESTOR AUTORIZADO | J89: =Descripción!K418 -> 313.848 | K89: =Descripción!L418 -> 6.12 | L89: =ROUND(J89*K89,2) -> 1920.75 | N89: =L89*((1+$J$117+$J$118))*(1+$J$120) -> 2765.6879
A90: 10.3 | B90: ud | C90: CONTENEDOR DE MEZCLA DE RESIDUOS SIN CLASIFICAR | J90: =Descripción!K428 -> 3 | K90: =Descripción!L428 -> 295.86 | L90: =ROUND(J90*K90,2) -> 887.58 | N90: =L90*((1+$J$117+$J$118))*(1+$J$120) -> 1278.0264
C91: CAP.10 | L91: =L88+L89+L90 -> 6853.83 | N91: =L91*((1+$J$117+$J$118))*(1+$J$120) -> 9868.8298
A92: CAP.11 | C92: SEGURIDAD Y SALUD | N92: =L92*((1+$J$117+$J$118))*(1+$J$120) -> 0
A93: 11.1 | B93: ml | C93: VALLADO DE OBRA | J93: =Descripción!K432 -> 130 | K93: =Descripción!L432 -> 13.59 | L93: =ROUND(J93*K93,2) -> 1766.7 | N93: =L93*((1+$J$117+$J$118))*(1+$J$120) -> 2543.8713
A94: 11.2 | B94: PA | C94: PROTECCIONES INDIVIDUALES | J94: =Descripción!K434 -> 1 | K94: =Descripción!L434 -> 650 | L94: =ROUND(J94*K94,2) -> 650 | N94: =L94*((1+$J$117+$J$118))*(1+$J$120) -> 935.935
A95: 11.3 | B95: PA | C95: PROTECCIONES COLECTIVAS | J95: =Descripción!K436 -> 1 | K95: =Descripción!L436 -> 450 | L95: =ROUND(J95*K95,2) -> 450 | N95: =L95*((1+$J$117+$J$118))*(1+$J$120) -> 647.955
A96: 11.4 | B96: PA | C96: INSTALACIONES DE HIGIENE Y BIENESTAR | J96: =Descripción!K438 -> 1 | K96: =Descripción!L438 -> 800 | L96: =ROUND(J96*K96,2) -> 800 | N96: =L96*((1+$J$117+$J$118))*(1+$J$120) -> 1151.92
A97: 11.5 | B97: PA | C97: MEDICINA PREVENTIVA Y PRIMEROS AUXILIOS | J97: =Descripción!K440 -> 1 | K97: =Descripción!L440 -> 90 | L97: =ROUND(J97*K97,2) -> 90 | N97: =L97*((1+$J$117+$J$118))*(1+$J$120) -> 129.591
A98: 11.6 | B98: PA | C98: FORMACIÓN | J98: =Descripción!K442 -> 1 | K98: =Descripción!L442 -> 150 | L98: =ROUND(J98*K98,2) -> 150 | N98: =L98*((1+$J$117+$J$118))*(1+$J$120) -> 215.985
C99: CAP.11 | L99: =L93+L94+L95+L96+L97+L98 -> 3906.7 | N99: =L99*((1+$J$117+$J$118))*(1+$J$120) -> 5625.2573
A103: Nº | D103: CAPÍTULO | J103: Importe
...
